Map: Catalyst LE

Players

neo

  • Race: Zerg Zerg
  • League: Diamond
  • Spawn Location: 11:00

Benaiah - Winner!

  • Race: Zerg Zerg
  • League: Diamond
  • Spawn Location: 5:00

VOD

Have the link to the VOD?

Description

Time

  • Played on: July 11, 2018, 12:37 a.m.
  • Length: 9:10
Show
View Real Time Build Order
Export as new Build Order

neo Zerg 

Build Orders: Pool First, Zergling Baneling 

Get SALT Encoding   

  12  0:01  Drone  
  13  0:13  Overlord  
  13  0:19  Drone  
  14  0:33  Drone x2  
  14  0:35  Drone  
  17  0:48  Spawning Pool  
  17  0:49  Drone  
  17  0:57  Extractor  
  16  0:58  Drone  
  17  1:07  Drone  
  18  1:24  Drone, Hatchery  
  18  1:30  Drone  
  19  1:37  Queen  
  21  1:43  Zergling x2  
  22  1:51  Overlord  
  22  2:09  Overlord  
  22  2:10  Metabolic Boost  
  23  2:29  Zergling x2  
  25  2:30  Zergling x2  
  25  2:37  Baneling Nest  
  25  2:43  Zergling x4  
  26  3:00  Hatchery  
  26  3:01  Drone  
  26  3:03  Zergling x4  
  28  3:13  Zergling x2  
  29  3:27  Zergling x4  
  31  3:38  Zergling x2  
  31  3:39  Zergling x2  
  31  3:40  Zergling x2  
  34  3:42  Baneling  
  34  3:43  Baneling x5  
  35  3:48  Drone  
  35  3:51  Baneling x2  
  27  4:24  Baneling x3  
  25  4:25  Drone  
  25  4:26  Queen, Drone x5  
  31  4:52  Drone x4  
  34  4:57  Roach Warren, Drone  
  34  4:58  Drone  
  35  5:07  Drone  
  35  5:08  Queen, Drone x3  
  41  5:14  Extractor  
  40  5:29  Drone x3  
  40  5:30  Drone  
  44  5:38  Overlord  
  44  5:39  Evolution Chamber, Overlord x2  
  44  5:42  Evolution Chamber  
  42  5:43  Lair  
  42  5:51  Drone x2  
  44  6:05  Zerg Missile Weapons Level 1  
  44  6:08  Zerg Ground Armor Level 1  
  44  6:11  Drone x6  
  45  6:15  Extractor  
  45  6:16  Extractor  
  45  6:17  Drone x3  
  51  6:23  Roach x3  
  58  6:35  Roach x2  
  62  6:45  Extractor, Roach x3  
  67  6:47  Overlord x2  
  67  6:58  Overlord x3  
  67  7:07  Overseer  
  67  7:08  Overlord  
  67  7:10  Roach x2  
  71  7:24  Roach  
  71  7:25  Roach x4  
  75  7:45  Roach  
  75  7:46  Roach x6  
  79  7:54  Roach x4  
  74  8:01  Roach  
  47  8:19  Roach  
  51  8:20  Roach x5  
  47  8:32  Roach  
  47  8:33  Roach x4  
  47  8:38  Roach  
Show
View Real Time Build Order
Export as new Build Order

Benaiah Zerg - Winner!

Build Orders: Pool First 

Get SALT Encoding   

  12  0:18  Spawning Pool  
  11  0:22  Drone  
  11  0:27  Drone  
  13  0:33  Drone  
  14  0:40  Overlord  
  14  1:05  Zergling x6  
  17  1:17  Zergling x2  
  18  1:21  Hatchery  
  17  1:28  Drone  
  18  1:34  Queen  
  18  1:38  Drone  
  21  1:50  Overlord  
  21  2:01  Drone  
  22  2:13  Queen  
  24  2:21  Drone  
  24  2:22  Drone  
  26  2:32  Drone  
  26  2:35  Queen  
  26  2:36  Spine Crawler  
  28  2:37  Drone  
  29  2:46  Drone x4  
  33  3:05  Overlord  
  33  3:06  Drone x2  
  33  3:07  Drone  
  36  3:19  Extractor  
  35  3:20  Drone  
  35  3:22  Extractor  
  35  3:24  Extractor  
  34  3:31  Evolution Chamber  
  34  3:34  Drone x6  
  34  3:35  Drone  
  34  3:36  Evolution Chamber  
  39  3:44  Roach Warren  
  38  3:49  Spine Crawler  
  37  4:05  Queen  
  39  4:15  Evolution Chamber  
  35  4:25  Roach Warren  
  34  4:31  Roach  
  34  4:32  Roach x3  
  42  4:54  Lair  
  42  4:56  Drone x2  
  44  5:06  Zerg Missile Weapons Level 1  
  44  5:12  Overlord  
  44  5:21  Zerg Ground Armor Level 1  
  44  5:33  Drone  
  44  5:34  Drone x7  
  52  5:44  Overlord  
  52  5:52  Glial Reconstitution  
  52  6:00  Overlord  
  52  6:06  Drone  
  52  6:07  Drone x5  
  52  6:09  Drone  
  59  6:12  Drone  
  60  6:26  Roach x4  
  60  6:28  Overlord  
  68  6:40  Overlord x3  
  68  6:51  Roach  
  68  6:52  Roach x3  
  76  7:05  Roach x7  
  90  7:14  Overlord  
  90  7:18  Roach  
  90  7:19  Roach x3  
  97  7:39  Roach  
  97  7:40  Roach x3  
  105  7:48  Roach x2  
  101  7:59  Roach x3  
  107  8:10  Roach x2  
  107  8:12  Overlord  
  105  8:19  Roach x5  
  99  8:31  Roach x4  
  99  8:32  Roach  
  107  8:45  Hatchery  
Tags
 
Add a new tag
Caveats
  • Supply blocks, unpowered buildings, or Contaminate may cause inaccurate times.
  • Supply counts are checked every 10 seconds.